 Dungeon Crawl Stone Soup version 0.25-a0-96-g4073cf80fb (webtiles) character file.

Game seed: 17261815649316872427, levelgen mode: deterministic

40919 MalarOregon the Fighter (level 13, -22/111 HPs)
             Began as a Grey Draconian Conjurer on Nov 12, 2019.
             Was a High Priest of Fedhas.
             Killed from afar by an ice dragon (25 damage)
             ... with a blast of cold
             ... on level 6 of the Lair of Beasts on Nov 13, 2019.
             The game lasted 00:53:59 (26254 turns).

MalarOregon the Fighter (Grey Draconian Conjurer)  Turns: 26254, Time: 00:54:00

Health: -22/111    AC: 16    Str: 12    XL:     13   Next: 77%
Magic:  0/25       EV: 16    Int: 20    God:    Fedhas [*****.]
Gold:   654        SH: 10    Dex: 13    Spells: 8/28 levels left

rFire    . . .     SeeInvis .   q - +2 dagger (elec)
rCold    . . .     Gourm    .   d - +0 shield
rNeg     + . .     Faith    .   (armour unavailable)
rPois    .         Spirit   +   (helmet restricted)
rElec    .         Reflect  .   m - scarf {Spirit}
rCorr    .         Harm     .   H - +0 pair of gloves
MR       .....                  E - +0 pair of boots
Stlth    ++++......             o - amulet of guardian spirit
HPRegen  0.28/turn              i - +2 ring of evasion
MPRegen  0.19/turn              p - ring of positive energy

@: very slightly contaminated
A: walk through water, unfitting armour, stinger 1, talons 1, agile 1, shaggy
fur 1, unbreathing, cold-blooded, AC +13
a: Wall of Briars, Grow Ballistomycete, Overgrow, Grow Oklob, Renounce Religion


You were on level 6 of the Lair of Beasts.
You worshipped Fedhas.
Fedhas was extremely pleased with you.
You were hungry.

You visited 3 branches of the dungeon, and saw 18 of its levels.
You also visited: Sewer.

You collected 1109 gold pieces.
You spent 455 gold pieces at shops.

Inventory:

Hand Weapons
 q - a +2 dagger of electrocution (weapon)
   (You took it off an orc wizard on level 3 of the Dungeon)
Missiles
 h - 80 poisoned darts (quivered)
 r - 6 curare-tipped darts {!f}
 J - 2 atropa-tipped darts
 K - a throwing net {!f}
Armour
 d - a +0 shield (worn)
   (You found it on level 5 of the Dungeon)
 m - a scarf of spirit shield (worn)
   (You found it on level 1 of the Dungeon)
 E - a +0 pair of boots (worn)
   (You found it on level 8 of the Dungeon)
 H - a +0 pair of gloves (worn)
   (You found it on level 5 of the Lair of Beasts)
Jewellery
 i - a +2 ring of evasion (left hand)
   (You found it on level 3 of the Dungeon)
 o - an amulet of guardian spirit (around neck)
   (You found it on level 2 of the Dungeon)
 p - a ring of positive energy (right hand)
   (You found it on level 4 of the Dungeon)
 v - the ring "Sullust" {rElec EV-2 Str-5 Dex+5}
   (You found it on level 7 of the Dungeon)

   [ring of evasion]

   It affects your evasion (-2).
   It affects your strength (-5).
   It affects your dexterity (+5).
   It insulates you from electricity.
 I - an uncursed ring of wizardry {unknown}
   (You found it on level 4 of the Lair of Beasts)
Wands
 c - a wand of disintegration (7)
   (You found it on level 9 of the Dungeon)
 g - a wand of polymorph (18)
   (You found it on level 6 of the Dungeon)
 s - a wand of enslavement (7)
   (You found it on level 5 of the Dungeon)
 t - a wand of flame (14)
   (You found it on level 10 of the Dungeon)
 u - a wand of paralysis (6)
   (You found it on level 8 of the Dungeon)
 x - a wand of acid (3)
   (You found it on level 3 of the Lair of Beasts)
Scrolls
 b - 2 scrolls of noise {!r}
 j - 3 scrolls of remove curse {@r2}
 l - 5 scrolls of immolation {!r}
 z - 5 scrolls of identify {@r1}
 M - 3 scrolls of enchant armour {unknown}
 N - a scroll of vulnerability {unknown}
Potions
 a - 2 potions of haste {@q3}
 f - 2 potions of might
 k - 6 potions of curing {@q1}
 n - 4 potions of cancellation
 w - 3 potions of flight
 A - a potion of magic
 B - a potion of invisibility
 C - 2 potions of brilliance
 D - a potion of resistance
 G - a potion of heal wounds {@q2}
Comestibles
 e - 24 rations {!d}


   Skills:
 + Level 9.3 Fighting
 + Level 7.7 Short Blades
 + Level 7.0 Dodging
 + Level 7.6 Stealth
 + Level 7.1 Shields
 + Level 8.1 Spellcasting
 - Level 8.0 Conjurations
 + Level 7.7 Hexes
 + Level 6.6 Earth Magic
 + Level 8.1 Invocations
 - Level 5.0 Evocations


You had 8 spell levels left.
You knew the following spells:

 Your Spells              Type           Power        Failure   Level  Hunger
a - Magic Dart            Conj           ####         1%          1    None
b - Dazzling Spray        Conj/Hex       #####.       2%          3    None
c - Lee's Rapid Deconstr  Erth           ####......   38%         5    #####..
q - Passwall              Tmut/Erth      ###.....     9%          2    None
s - Searing Ray           Conj           #####.       1%          2    None
x - Stone Arrow           Conj/Erth      #####.       3%          3    None
z - Fulminant Prism       Conj/Hex       #####.....   9%          4    ###....

Your spell library contained the following spells:

 Spells                   Type           Power        Failure   Level  Hunger
 Confusing Touch          Hex            #####.       1%          1    None
 Corona                   Hex            #####..      1%          1    None
 Sandblast                Erth           ####..       1%          1    None
 Confuse                  Hex            #####...     3%          3    None
 Tukima's Dance           Hex            #####...     3%          3    None
 Shock                    Conj/Air       ###.         4%          1    None
 Ensorcelled Hibernation  Hex/Ice        ###...       7%          2    None
 Throw Frost              Conj/Ice       ###...       7%          2    None
 Iskenderun's Mystic Bla  Conj           #####...     9%          4    ###....
 Static Discharge         Conj/Air       ###.....     13%         3    None
 Animate Skeleton         Necr           N/A          22%         1    None
 Apportation              Tloc           #.....       22%         1    None
 Freeze                   Ice            #...         22%         1    None
 Summon Small Mammal      Summ           #...         22%         1    None
 Blink                    Tloc           N/A          34%         2    None
 Shroud of Golubria       Chrm/Tloc      #.....       34%         2    None
 Swiftness                Chrm/Air       #.......     34%         2    None
 Force Lance              Conj/Tloc      ###.....     41%         4    ###....
 Throw Icicle             Conj/Ice       ###.....     41%         4    ###....
 Petrify                  Tmut/Erth      ###.....     50%         4    ###....
 Gell's Gravitas          Tloc           #.........   56%         3    None
 Lesser Beckoning         Tloc           #.........   56%         3    None
 Ozocubu's Armour         Chrm/Ice       #.......     56%         3    None
 Teleport Other           Tloc           #.......     56%         3    None
 Lightning Bolt           Conj/Air       ###.......   77%         5    #####..
 Airstrike                Air            #.........   92%         4    ###....
 Passage of Golubria      Tloc           N/A          92%         4    ###....
 Summon Ice Beast         Ice/Summ       #.......     92%         4    ###....


Dungeon Overview and Level Annotations

Branches:
Dungeon (11/15)            Temple (1/1) D:4            Lair (6/6) D:10
 Shoals (0/4) Lair:2        Snake (0/4) Lair:4        Slime (0/5) Lair:5
  Sewer (visited)
    Orc: D:9-12

Altars:
Ashenzari
Cheibriados
Dithmenos
Elyvilon
Fedhas
Gozag
Hepliaklqana
Kikubaaqudgha
Makhleb
Nemelex Xobeh
Okawaru
Qazlal
Ru
Sif Muna
Trog
Uskayaw
Vehumet
Wu Jian
Xom
Yredelemnul
Zin
The Shining One
Lugonu

Shops:
D:5 ::   D:10 (

Annotations:
D:9 2 transporters
Lair:5 Josephine
Lair:6 exclusion: ice statue


Innate Abilities, Weirdness & Mutations

You can walk through water.
Your dull iron-grey scales are very hard. (AC +13)
You cannot fit into any form of body armour.
You can survive without breathing.
You are cold-blooded and may be slowed by cold attacks.
Your tail ends in a poisonous barb.
You have sharp toenails.
You are agile. (Dex +2)
You are covered in fur. (AC +1)


Message History

You block the polar bear's attack. The polar bear closely misses you.
The polar bear barely misses you.
You hit the komodo dragon.
Lightning courses through the komodo dragon!
You block the komodo dragon's attack. You block the polar bear's attack.
The polar bear barely misses you. x2
Unknown command.
Unknown command.
Unknown command.
You hit the komodo dragon but do no damage.
Your surroundings suddenly seem different.
A white imp comes into view.
Found a scroll of teleportation.
A polar bear and 3 ice beasts come into view.
Unknown command.
As you read the scroll of teleportation {@r4}, it crumbles to dust.
You feel strangely unstable.
Unknown command.
Your surroundings suddenly seem different.
An ice beast comes into view.
Okay, then.
All of the chunks of flesh in your inventory have rotted away.
A death yak comes into view.
Found a scroll of noise.
A death yak comes into view.
The death yak bellows!
You hear a bellow!
A death yak comes into view. x2
The death yak moves out of view.
Blink to where?
You are very lightly contaminated with residual magic.
As you read the scroll of blinking, it crumbles to dust.
A polar bear comes into view.
Found 17 stones, a ration, a scroll of noise and 9 gold pieces.
The death yak bellows!
Found four items.
An ice statue comes into view.
Found a scroll of teleportation and a scroll of fog.
Found an escape hatch in the ceiling.
An ice dragon comes into view.
The death yak bellows!
The polar bear growls angrily.
You walk carefully through the plants.
The ice dragon breathes frost at you. The blast of cold hits you!
* * * LOW HITPOINT WARNING * * *
The blast of cold hits the bush!!!
You hear a loud, deep croak!
The ice dragon breathes frost at you. The blast of cold hits you!!
You die...
Fedhas appreciates your contribution to the ecosystem.

#......YY..≈≈5≈≈$?
#....#......≈≈≈≈?.
#...........≈≈≈≈!8
#.%...Y#Y.≈≈≈≈≈:?
#...Y.h..?≈≈≈≈≈≈≈
###..YY#P.$≈≈≈≈≈≈≈
##..#.......≈≈≈≈≈≈≈≈
##.........D..≈.≈≈≈≈≈ ..
#......@#.#≈≈≈...≈≈≈≈ ..#
###......##.≈≈≈≈.≈≈≈.≈≈≈.
...###F#.P..#.#.#.≈≈≈.....
≈.≈
.8....)..P..P.#..⌠.≈≈≈...
..≈
...............)....≈≈###
#. .8.............#.....≈#
#. ........!.....##P..####
#. ...8....P....###....#
#. ............#####.P##
#.


You could see an ice dragon, 5 death yaks and a polar bear.

Vanquished Creatures
  Harold (D:7)
  5 hydras
  An unseen horror (D:10)
  An ugly thing (D:8)
  A manticore (Lair:2)
  An elephant (Lair:2)
  Joseph (D:7)
  5 black mambas
  9 spiny frogs
  A rime drake (Lair:5)
  8 komodo dragons
  A hornet (D:9)
  2 polar bears (Lair:4)
  25 blink frogs
  11 dream sheep (Lair:5)
  Prince Ribbit (Lair:1)
  11 hippogriffs
  5 wraiths (Lair:5)
  4 wyverns
  46 yaks
  4 basilisks
  A hungry ghost (D:7)
  14 porcupines
  6 ice beasts
  15 water moccasins
  2 orc warriors
  4 ogres
  4 sky beasts
  A phantom (D:4)
  5 wolves
  16 crocodiles
  7 centaurs
  3 big kobolds
  14 bullfrogs
  5 scorpions
  8 killer bees
  7 wights (D:6)
  A howler monkey (D:4)
  2 centaur zombies
  3 crimson imps
  5 hounds
  2 bullfrog skeletons
  3 centaur skeletons
  A gnoll shaman (D:6)
  An orc priest (D:8)
  8 iguanas
  2 jellies
  8 orc wizards
  4 worker ants
  A hound zombie (D:7)
  A hound skeleton (D:7)
  Robin (D:2)
  A howler monkey skeleton (D:8)
  17 adders
  5 gnolls (D:7)
  4 river rats
  2 shadow imps
  3 oozes
  2 adder skeletons
  An adder zombie (D:6)
  A worm (D:4)
  A dart slug (D:1)
  6 leopard geckos
  28 orcs
  4 ball pythons
  6 bats
  7 giant cockroaches
  9 goblins
  10 hobgoblins
  19 jackals
  20 kobolds
  3 quokkas
  3 frilled lizards
  2 quokka skeletons (D:4)
  6 rats
  A spectral orc (D:6)
  A ballistomycete spore (Lair:3)
461 creatures vanquished.

Vanquished Creatures (collateral kills)
  A hydra (Lair:1)
  A basilisk (Lair:2)
  An iguana (Lair:1)
  23 ballistomycete spores
26 creatures vanquished.

Vanquished Creatures (others)
  2 blink frogs (D:10)
  A quokka (D:7)
  2 ballistomycete spores (Lair:3)
  3 fulminant prisms (Lair:5)
  24 fungi
  28 plants
60 creatures vanquished.

Grand Total: 547 creatures vanquished

Notes
Turn   | Place    | Note
-------+----------+-------------------------------------------
     0 | D:1      | MalarOregon the Draconian Conjurer began the quest for the
                  | Orb.
     0 | D:1      | Reached XP level 1. HP: 14/14 MP: 3/3
   379 | D:1      | Reached XP level 2. HP: 22/22 MP: 1/5
   426 | D:1      | Learned a level 2 spell: Searing Ray
   450 | D:1      | Reached skill level 1 in Fighting
   619 | D:1      | You fall into a shaft and drop 1 floor!
   728 | D:2      | Found a glowing golden altar of the Shining One.
   771 | D:2      | Noticed Robin
   846 | D:2      | Reached XP level 3. HP: 6/28 MP: 2/6
   870 | D:2      | Killed Robin
  1133 | D:2      | Learned a level 3 spell: Dazzling Spray
  2068 | D:2      | Reached skill level 2 in Fighting
  2281 | D:2      | Reached XP level 4. HP: 29/36 MP: 4/8
  2847 | D:3      | Noticed a sky beast
  2857 | D:3      | Killed a sky beast
  2857 | D:3      | Reached skill level 1 in Hexes
  2857 | D:3      | Reached XP level 5. HP: 26/44 MP: 0/9
  3157 | D:3      | Reached skill level 3 in Fighting
  3157 | D:3      | Reached skill level 5 in Conjurations
  3352 | D:3      | Reached XP level 6. HP: 43/51 MP: 1/11
  3876 | D:4      | Found a staircase to the Ecumenical Temple.
  4019 | D:4      | Found a blossoming altar of Fedhas.
  4038 | D:4      | Reached skill level 1 in Short Blades
  4044 | D:4      | Became a worshipper of Fedhas Madash
  4135 | D:4      | Your scales start taking on a dull iron-grey colour.
  4135 | D:4      | Reached XP level 7. HP: 37/58 MP: 9/12
  4135 | D:4      | Gained mutation: You can survive without breathing. [Grey
                  | Draconian growth]
  4310 | D:4      | Reached skill level 4 in Fighting
  4388 | D:4      | Found a glowing drain.
  4392 | Sewer    | Entered a sewer
  4485 | Sewer    | Reached * piety under Fedhas
  4737 | Sewer    | Found a white marble altar of Elyvilon.
  4906 | Temple   | Entered the Ecumenical Temple
  5103 | D:5      | Entered Level 5 of the Dungeon
  5393 | D:5      | Reached skill level 1 in Invocations
  5393 | D:5      | Reached XP level 8. HP: 67/67 MP: 14/14
  5703 | D:5      | Found Aruaqu Epra's Book Emporium.
  5707 | D:5      | Found Yjotzobb's Book Shop.
  6379 | D:6      | Learned a level 4 spell: Iskenderun's Mystic Blast
  6499 | D:6      | HP: 1/67 [wight/+0 war axe (3)]
  6510 | D:6      | Gained mutation: You have sharp toenails. [potion of
                  | mutation]
  6510 | D:6      | Gained mutation: You are covered in fur. (AC +1) [potion of
                  | mutation]
  6510 | D:6      | Gained mutation: You are agile. (Dex +2) [potion of
                  | mutation]
  6510 | D:6      | Gained mutation: Your tail ends in a poisonous barb.
                  | [potion of mutation]
  6551 | D:6      | Reached skill level 1 in Shields
  6944 | D:6      | Reached skill level 5 in Fighting
  6952 | D:6      | Reached ** piety under Fedhas
  7103 | D:6      | Found a basalt altar of Yredelemnul.
  7478 | D:6      | Reached XP level 9. HP: 67/74 MP: 3/16
  7789 | D:7      | Reached skill level 5 in Spellcasting
  7972 | D:7      | Noticed Joseph
  8041 | D:7      | Noticed Harold
  8169 | D:7      | Reached *** piety under Fedhas
  8175 | D:7      | Killed Joseph
  8442 | D:7      | Got a heavily runed amber ring
  8443 | D:7      | Found a white marble altar of Elyvilon.
  8515 | D:7      | Reached skill level 6 in Fighting
  8537 | D:7      | Reached XP level 10. HP: 43/83 MP: 5/18
  8898 | D:7      | Killed Harold
  8955 | D:7      | Found a white marble altar of Elyvilon.
  9189 | D:8      | Noticed a brown ugly thing
  9199 | D:8      | Killed a brown ugly thing
  9274 | D:8      | Reached skill level 5 in Hexes
 10193 | D:5      | Bought a book of Geomancy for 455 gold pieces
 10232 | D:8      | Learned a level 4 spell: Fulminant Prism
 10235 | D:8      | Learned a level 2 spell: Passwall
 10325 | D:9      | Reached skill level 5 in Short Blades
 10365 | D:9      | Reached skill level 5 in Stealth
 10365 | D:9      | Reached skill level 5 in Invocations
 10557 | D:9      | Found a corrupted altar of Lugonu.
 10558 | D:9      | Noticed a green ugly thing
 10558 | D:9      | Noticed a brown ugly thing
 10592 | D:9      | Found a transporter.
 10593 | D:9      | Found a transporter.
 10594 | D:9      | Noticed a brown ugly thing
 10904 | D:9      | Noticed a brown ugly thing
 10918 | D:10     | Entered Level 10 of the Dungeon
 10925 | D:10     | Reached **** piety under Fedhas
 10929 | D:10     | Identified the cursed ring "Sullust" {rElec EV-2 Str-5
                  | Dex+5} (You found it on level 7 of the Dungeon)
 11331 | D:10     | Reached XP level 11. HP: 85/91 MP: 18/20
 11336 | D:10     | Reached skill level 7 in Fighting
 11336 | D:10     | Reached skill level 1 in Earth Magic
 11396 | D:10     | Reached skill level 1 in Evocations
 11429 | D:10     | Found a staircase to the Lair.
 11429 | D:10     | Noticed an oklob plant
 11527 | D:10     | Killed an unseen horror
 11797 | D:10     | Found Gojuxkis's Antique Weapon Boutique.
 11904 | Lair:1   | Entered Level 1 of the Lair of Beasts
 12325 | D:10     | Found Gojuxkis's Antique Weapon Boutique.
 12449 | D:10     | Found a staircase to the Lair.
 12797 | D:10     | Found a staircase to the Lair.
 13046 | D:10     | Found Gojuxkis's Antique Weapon Boutique.
 13170 | D:10     | Found a staircase to the Lair.
 13523 | Lair:1   | Reached ***** piety under Fedhas
 13622 | Lair:1   | Reached skill level 5 in Dodging
 13760 | Lair:1   | Noticed an eight-headed hydra
 13784 | Lair:1   | HP: 4/92 [eight-headed hydra (9)]
 13838 | Lair:1   | Killed an eight-headed hydra
 13987 | Lair:1   | Noticed Prince Ribbit
 14005 | Lair:1   | Killed Prince Ribbit
 14006 | Lair:1   | Reached skill level 5 in Shields
 15739 | Lair:2   | Noticed a five-headed hydra
 15751 | Lair:2   | Killed a five-headed hydra
 15751 | Lair:2   | Reached XP level 12. HP: 34/101 MP: 0/22
 16294 | Lair:2   | Found a staircase to the Shoals.
 16733 | Lair:2   | Reached skill level 8 in Fighting
 17260 | Lair:2   | Learned a level 3 spell: Stone Arrow
 17266 | Lair:2   | Learned a level 5 spell: Lee's Rapid Deconstruction
 19425 | Lair:2   | Found a staircase to the Shoals.
 19793 | Lair:3   | Reached skill level 5 in Earth Magic
 20431 | Lair:3   | Noticed a six-headed hydra
 20445 | Lair:3   | Killed a six-headed hydra
 21313 | Lair:4   | Reached XP level 13. HP: 108/108 MP: 24/24
 21454 | Lair:4   | Found a staircase to the Snake Pit.
 23659 | Lair:5   | Found a staircase to the Slime Pits.
 23766 | Lair:5   | Reached skill level 5 in Evocations
 24070 | Lair:5   | Reached skill level 9 in Fighting
 25101 | Lair:5   | Noticed Josephine
 25336 | Lair:6   | Entered Level 6 of the Lair of Beasts
 26251 | Lair:6   | HP: 2/111 [ice dragon/blast of cold (13)]
 26254 | Lair:6   | Killed from afar by an ice dragon

Levels and vault maps discovered:
D:1:      minmay_arrival_open_corners, layout_basic
D:2:      layout_loops_ring, nicolae_tso_swordbearing_angel,
          chequers_serial_rivers_small_b, supply_closet_lemuel, uniq_robin
D:3:      layout_loops_corners, minmay_misc_feat_room
D:4:      layout_rooms, fedhas_altar_fruit_tree, minmay_temple_entry_trees,
          gup_sewer_entry_spiral, first_ration
D:5:      layout_gridville, serial_shops, kennysheep_mini, shop,
          eino_tiny_chamber
D:6:      layout_basic, yredelemnul_forgotten_temple_becter
D:7:      layout_rooms, elyvilon_altar_4, minmay_misc_feat_secret_circle,
          uniq_harold, uniq_joseph
D:8:      layout_basic
D:9:      gammafunk_corrupted_shrine, layout_irregular_city
D:10:     layout_basic, dpeg_oklobed_lair, serial_shops, kennysheep_mini_moat
D:11:     layout_loops_cross, hiddenorc1_lemuel, hangedman_pestilent_swarm,
          nicolae_blasting_shop
Temple:   eino_narrow_crystal_temple
Lair:1:   beast_lair_carwin_large_1, layout_regular_city, st_stairs_9,
          uniq_prince_ribbit2
Lair:2:   layout_chaotic_city, minmay_shoals_entry_beasts,
          hangedman_lair_generics_rect, grunt_megastairs_1
Lair:3:   cheibrodos_lair_river_kwai, layout_gridlike, beast_lair_carwin_9
Lair:4:   layout_cave_pods, minmay_snake_entry_six_corridors, grunt_megastairs_3
Lair:5:   layout_roguey, dpeg_slime_entry_corner, uniq_josephine
Lair:6:   evilmike_catoblepas_cave, layout_loops_ring,
          nicolae_quartered_pool_medium, ice2_lemuel

Skill      XL: |  1  2  3  4  5  6  7  8  9 10 11 12 13 |
---------------+----------------------------------------+-----
Fighting       | 1 2 3 4 5 6 7 8 9 |  9.3
Spellcasting   | 3 4 5 6 7 8 |  8.1
Hexes          | 1 2 3 4 5 6 7 |  7.7
Conjurations   | 5 6 7 8 |  8.0
Short Blades   | 1 2 3 4 5 6 7 |  7.7
Dodging        | 2 3 4 5 6 7 |  7.0
Stealth        | 2 3 4 5 6 7 |  7.6
Invocations    | 1 2 4 5 6 7 8 |  8.1
Shields        | 1 3 4 5 6 7 |  7.1
Earth Magic    | 3 5 6 |  6.6
Evocations     | 3 4 5 |  5.0

Action                   |  1- 3 |  4- 6 |  7- 9 | 10-12 | 13-15 || total
-------------------------+-------+-------+-------+-------+-------++-------
Melee: Hand axe          |    82 |   103 |       |       |       ||   185
       Tailslap          |     9 |     9 |    28 |   111 |    56 ||   213
       Dagger            |       |    35 |   355 |   937 |   496 ||  1823
       Unarmed           |       |       |       |     1 |       ||     1
Throw: Boomerang         |     6 |       |       |       |       ||     6
       Dart              |       |       |     1 |     6 |       ||     7
 Cast: Magic Dart        |    51 |    65 |    11 |    31 |     6 ||   164
       Searing Ray       |       |     2 |     4 |     4 |       ||    10
       Dazzling Spray    |       |     1 |     4 |       |       ||     5
       Iskenderun's Myst |       |       |    25 |    38 |       ||    63
       Stone Arrow       |       |       |       |    10 |    31 ||    41
       Fulminant Prism   |       |       |       |       |     3 ||     3
Invok: Grow Ballistomyce |       |       |       |     5 |       ||     5
       Wall of Briars    |       |       |       |     3 |       ||     3
       Overgrow          |       |       |       |     1 |       ||     1
       Grow Oklob        |       |       |       |     1 |       ||     1
Evoke: Wand              |       |       |       |     7 |     5 ||    12
  Use: Potion            |     1 |       |     9 |     3 |       ||    13
       Scroll            |       |     5 |     5 |    15 |     4 ||    29
 Stab: Sleeping          |       |       |     2 |    19 |     5 ||    26
       Confused          |       |       |       |     2 |       ||     2
       Distracted        |       |       |       |     2 |     2 ||     4
  Eat: Chunk             |     5 |     6 |    16 |    41 |    16 ||    84
       Ration            |       |       |     1 |     2 |       ||     3
Armor: Skin              |    33 |    54 |   169 |   296 |   117 ||   669
Dodge: Dodged            |    71 |   114 |   282 |   713 |   316 ||  1496
Block: Shield            |       |       |       |       |   118 ||   118

Table legend:
 A = Non-vault XP
 B = Vault XP
 C = Vault XP percentage of total XP
 D = Non-vault monster count
 E = Vault monster count
 F = Vault count percentage of total count
                 A         B        C        D         E       F
            +---------+---------+-------+---------+---------+-------
      Total |   44462 |   13994 |  23.9 |     379 |      86 |  18.5
            +---------+---------+-------+---------+---------+-------
        D:1 |      24 |       0 |   0.0 |      12 |       0 |   0.0
        D:2 |      66 |      27 |  29.0 |      29 |       7 |  19.4
        D:3 |     322 |       0 |   0.0 |      28 |       0 |   0.0
        D:4 |     427 |      47 |   9.9 |      18 |       6 |  25.0
        D:5 |     643 |       0 |   0.0 |      14 |       0 |   0.0
        D:6 |    1166 |       1 |   0.1 |      21 |       1 |   4.5
        D:7 |    2357 |    1452 |  38.1 |      37 |       2 |   5.1
        D:8 |    1655 |       0 |   0.0 |      29 |       0 |   0.0
        D:9 |    1478 |       0 |   0.0 |      13 |       0 |   0.0
       D:10 |    3977 |       0 |   0.0 |      41 |       0 |   0.0
     Lair:1 |    3797 |    3123 |  45.1 |      19 |      17 |  47.2
     Lair:2 |    5340 |    3152 |  37.1 |      25 |      14 |  35.9
     Lair:3 |    4253 |    3295 |  43.7 |      22 |       9 |  29.0
     Lair:4 |    5150 |    1704 |  24.9 |      20 |      13 |  39.4
     Lair:5 |   10884 |    1069 |   8.9 |      38 |       5 |  11.6
     Lair:6 |    2923 |       0 |   0.0 |      13 |       0 |   0.0
      Sewer |       0 |     124 | 100.0 |       0 |      12 | 100.0
            +---------+---------+-------+---------+---------+-------
